 Dungeon Crawl Stone Soup version 0.30-a0-799-g109b55a442 (webtiles) character file.

Game seed: 8539625844885655379

59 Mickster the Cudgeller (level 3, -2/35 HPs)
             Began as a Troll Gladiator on Feb 21, 2023.
             Slain by Terence
             ... wielding a +0 mace
              (6 damage)
             ... on level 2 of the Dungeon.
             The game lasted 00:12:30 (1270 turns).

Mickster the Cudgeller (Troll Gladiator)            Turns: 1270, Time: 00:12:31

Health: -2/35      AC:  4    Str: 22    XL:     3   Next: 78%
Magic:  2/2        EV: 10    Int:  4    God:
Gold:   69         SH:  0    Dex: 13    Spells: 2/2 levels left

rFire   . . .      SeeInvis .    k - +0 dire flail
rCold   . . .      Faith    .    (shield currently unavailable)
rNeg    . . .      Spirit   .    b - +0 robe
rPois   .          Reflect  .    c - +0 hat
rElec   .          Harm     .    (no cloak)
rCorr   .          Rampage  .    (gloves unavailable)
Will    .....                    (boots unavailable)
Stlth   +                        i - amulet of magic regeneration
HPRegen 1.05/turn                (no ring)
MPRegen 0.48/turn                (no ring)

@: lethally poisoned (-2 -> -4)
A: large, unfitting armour, claws 3, regeneration 1, shaggy fur 1, tough skin 1
a: no special abilities


You were on level 2 of the Dungeon.
You visited 1 branch of the dungeon, and saw 2 of its levels.

You collected 69 gold pieces.

Inventory:

Hand Weapons
 a - a +0 flail
 j - a +0 spear
 k - a +0 dire flail (weapon)
Missiles
 d - 3 throwing nets
 e - a large rock
 f - 5 poisoned darts (quivered)
 h - 5 stones
Armour
 b - a +0 robe (worn)
 c - a +0 hat (worn)
Jewellery
 i - an amulet of magic regeneration (around neck)
Scrolls
 g - a scroll of fog


   Skills:
 + Level 2.0 Fighting
 + Level 3.5 Maces & Flails
 + Level 1.9 Throwing
 + Level 3.0 Dodging


You had 2 spell levels left.
You didn't know any spells.
Your spell library was empty.

Dungeon Overview and Level Annotations

Branches:
Dungeon (2/15)

Altars:
The Shining One

Annotations:
D:2 Terence


Innate Abilities, Weirdness & Mutations

You are too large for most types of armour.
You have claws for hands.
Your natural rate of healing is unusually fast.
You are covered in fur. (AC +1)
You have tough skin. (AC +1)


Message History

You feel sick.
The endoplasm jiggles.
The adder bites you but does no damage.
Your Fighting skill increases to level 2!
You feel sick.
You see here an adder corpse.
You sock the endoplasm!
You kill the endoplasm!
You feel sick. The adder bites you. The adder barely misses you.
The adder attacks as you move away! The adder barely misses you.
You feel sick.
You barely miss the adder.
You feel sick.
You are no longer poisoned.
The adder barely misses you. The adder bites you.
You hit the adder.
The adder is severely wounded.
The adder closely misses you. Terence hits you with a +0 mace.
You closely miss the adder.
The adder is severely wounded.
The adder barely misses you. Terence closely misses you.
You barely miss the adder.
The adder is severely wounded.
The adder bites you.
You are poisoned.
The adder poisons you! Terence misses you.
The adder bites you but does no damage.
You barely miss the adder.
The adder is severely wounded.
You feel sick. The adder closely misses you. Terence completely misses you.
You barely miss the adder.
The adder is severely wounded.
You feel sick. The adder bites you. Terence hits you with a +0 mace.
* * * LOW HITPOINT WARNING * * *
The adder bites you but does no damage.
You closely miss the adder.
The adder is severely wounded.
You feel sick. The adder bites you.
* * * LOW HITPOINT WARNING * * *
You are more poisoned.
The adder poisons you! Terence hits you with a +0 mace.
You die...

*,,,,, *##*****,,,,,
*..,,,,+,,,,, *########
*.######,,,,,
*.......#**.......,,,,,
*,,.....+,+.......,,,,,
*********,,,,...###.......*****
***,,,,,,########.##........<,***
,,,,,,,,,+......@S..........,,,,,
,**,,,,,,########@##†#######*,***
,,,,,,,,,* *,....#.# *,,,,
***~~,,,,* #.....#.############
*~*~,~,,,* **#.....#.............
~~~~~,,,,***...##.###########....
~~~~~~~,,,,..##*#.# #....'....
**~~~~~~,~,.#* #.# #.####....
***~~~~~~~~,** *,* *,* #....


You could see Terence and an adder.

Vanquished Creatures
  An adder (D:2)
  A dart slug (D:1)
  2 ball pythons (D:1)
  6 endoplasms
  2 giant cockroaches
  4 goblins
  6 hobgoblins
  3 jackals (D:2)
  3 kobolds
  3 quokkas
  6 bats
  A frilled lizard (D:1)
  3 rats
41 creatures vanquished.

Vanquished Creatures (others)
  12 plants (D:2)
12 creatures vanquished.

Grand Total: 53 creatures vanquished

Notes
Turn   | Place    | Note
-------+----------+-------------------------------------------
     0 | D:1      | Mickster the Troll Gladiator began the quest for the Orb.
     0 | D:1      | Reached XP level 1. HP: 19/19 MP: 0/0
   122 | D:1      | Reached XP level 2. HP: 27/27 MP: 1/1
   631 | D:2      | Reached XP level 3. HP: 35/35 MP: 2/2
   838 | D:2      | Found a glowing golden altar of the Shining One.
  1251 | D:2      | Noticed Terence
  1270 | D:2      | Slain by Terence

Illustrated notes

Levels and vault maps discovered:
D:1:      erik_arrival_triangle_small, layout_loops_cross
D:2:      layout_basic, basic_altar, chequers_big_river, uniq_terence

Skill      XL: |  1  2  3 |
---------------+----------+-----
Maces & Flails | 3 |  3.5
Dodging        | 3 |  3.0
Fighting       | 2 |  2.0
Throwing       | |  1.9

Action                     || total
---------------------------++-------
  Melee: Flail             ||   117
         Punch             ||     1
         Dire flail        ||    17
    Use: Potion            ||     3
         Scroll            ||     4
 Armour: Robe              ||    70
  Dodge: Dodged            ||   102

Table legend: (Time is in decaauts)
 A = Elapsed time spent in this place.
 B = Non-inter-level travel time spent in this place.
 C = Inter-level travel time spent in this place.
 D = Time resting spent in this place.
 E = Time spent auto-exploring this place.
 F = Levels seen in this place.
 G = Mean time per level.
                   A        B        C        D        E       F      G
               +--------+--------+--------+--------+--------+-----+--------+
         Total |   1300 |   1237 |     63 |    234 |      0 |   2 |  650.0 |
       Dungeon |   1300 |   1237 |     63 |    234 |      0 |   2 |  650.0 |
               +--------+--------+--------+--------+--------+-----+--------+

Top non-repeatable levels by time:
     D:2: 721 daAuts
     D:1: 579 daAuts
